 Dungeon Crawl Stone Soup version 0.29-a0-234-g0dae59b3db (webtiles) character file.

Game seed: 14643939638987886306

551 GabrielManson the Chucker (level 7, -5/52 HPs)
             Began as a Barachi Air Elementalist on Mar 2, 2022.
             Killed by divine providence
             ... invoked by an orc priest
              (12 damage)
             ... on level 4 of the Dungeon.
             The game lasted 00:18:39 (3977 turns).

GabrielManson the Chucker (BaAE)                    Turns: 3977, Time: 00:18:41

Health: -5/52      AC: 13    Str:  9    XL:     7   Next: 29%
Magic:  3/11       EV: 12    Int: 18    God:
Gold:   128        SH:  0    Dex: 12    Spells: 6/12 levels left

rFire   + + .      SeeInvis .   b - +0 mace (protect)
rCold   + . .      Faith    .   (no shield)
rNeg    . . .      Spirit   .   o - +1 robe {rF+}
rPois   +          Reflect  .   (no helmet)
rElec   .          Harm     .   n - scarf {rC+ rF+}
rCorr   .          Rampage  .   u - +2 pair of gloves
Will    .....                   (no boots)
Stlth   ++........              (no amulet)
HPRegen 0.17/turn               k - ring of poison resistance
MPRegen 0.12/turn               (no ring)

@: under a protective aura, very slightly contaminated, hasted, quick
A: amphibious, slowness 1, strong legs 1, +LOS
a: Hop


You were on level 4 of the Dungeon.
You visited 1 branch of the dungeon, and saw 4 of its levels.

You collected 128 gold pieces.

Inventory:

Hand Weapons
 b - a +0 mace of protection (weapon)
Missiles
 i - 2 curare-tipped darts
Armour
 n - a scarf of resistance (worn)
 o - a +1 robe of fire resistance (worn)
 u - a +2 pair of gloves (worn)
Jewellery
 f - an amulet of faith
 k - a ring of poison resistance (left hand)
 r - an amulet of the acrobat
Scrolls
 a - a scroll of magic mapping {unknown}
 c - a scroll of identify {unknown}
 j - a scroll of teleportation {unknown}
 q - a scroll of enchant armour {unknown}
 s - a scroll of fear {unknown}
Potions
 d - a potion of mutation {unknown}
 e - a potion of degeneration {unknown}
 g - a potion of flight {unknown}
 h - a potion of magic {unknown}
 l - a potion of lignification {unknown}
 m - a potion of curing
 p - a potion of attraction {unknown}
 t - a potion of might
 v - a potion of haste


   Skills:
 + Level 3.1 Fighting
 + Level 2.6 Maces & Flails
 - Level 4.6 Throwing
 + Level 2.6 Dodging
 - Level 2.3 Stealth
 + Level 3.2 Spellcasting
 - Level 2.3 Conjurations
 + Level 3.6 Air Magic


You had 6 spell levels left.
You knew the following spells:

 Your Spells              Type           Power      Damage    Failure   Level
a - Shock                 Conj/Air       52%        1d6       4%          1
b - Swiftness             Air            16%        N/A       11%         3
c - Static Discharge      Conj/Air       13%        N/A       7%          2

Your spell library contained the following spells:

 Spells                   Type           Power      Damage    Failure   Level
 Airstrike                Air            8%         N/A       34%         4
 Portal Projectile        Hex/Tloc       4%         N/A       43%         3
 Blade Hands              Tmut           1%         N/A       99%         5
 Excruciating Wounds      Necr           1%         N/A       99%         5


Dungeon Overview and Level Annotations

Branches:
Dungeon (4/15)
 Temple: D:4-7

Altars:
Makhleb
Okawaru

Shops:
D:2 [


Innate Abilities, Weirdness & Mutations

You are amphibious.
You cover ground slowly.
You can hop short distances.
You have an extended range of vision and can be seen from far away.


Message History

The orc priest is moderately wounded.
The orc priest hits you but does no damage.
The orc priest looks satisfied for a moment.
Casting: Shock (safe; 4% risk of failure)
Confirm with . or Enter, or press ? or * to list all spells.
The orc priest is struck by an arc of lightning.
The orc priest is heavily wounded.
You are struck by an arc of lightning.
The lightning grounds out.
The orc priest closely misses you.
Casting: Static Discharge (safe; 7% risk of failure)
Confirm with . or Enter, or press ? or * to list all spells.
The orc priest is struck by an arc of lightning.
The orc priest is severely wounded.
You are struck by an arc of lightning.
The lightning grounds out.
The orc priest barely misses you.
Casting: Static Discharge (safe; 7% risk of failure)
Confirm with . or Enter, or press ? or * to list all spells.
The orc priest is struck by an arc of lightning.
The orc priest is almost dead.
You are struck by an arc of lightning.
The lightning grounds out.
The orc priest hits you but does no damage.
Casting: Static Discharge (safe; 7% risk of failure)
Confirm with . or Enter, or press ? or * to list all spells.
You miscast Static Discharge.
You are very lightly contaminated with residual magic.
Nothing appears to happen.
The orc priest calls down the wrath of Beogh upon you.
Beogh smites you!
* * * LOW HITPOINT WARNING * * *
You barely miss the orc priest.
The orc priest is almost dead.
The orc priest hits you but does no damage.
It was a potion of haste.
You feel yourself speed up.
The orc priest hits you but does no damage.
You hit the orc priest but do no damage.
Your weapon exudes an aura of protection.
The orc priest is almost dead.
The orc priest invokes the aid of Beogh against you.
Beogh smites you!
You die...

##.### #.# #.#
#..# #.# #.# #.##
#.# #.# ..# #.#
#.# .## #.#
######.# .# #.#
#......# .#
#.###### .#
#######.# .#
#.@.....# .#
#o####### .# #.#
.# #.# .# # #.#
#######.#######)#
....<....)..)†.#
.#####.#######.#
# #(#


You could see an orc priest.

Vanquished Creatures
  Sigmund (D:4)
  A scorpion (D:4)
  2 hounds (D:4)
  Crazy Yiuf (D:2)
  Jessica (D:2)
  An iguana (D:4)
  Terence (D:2)
  An orc wizard (D:3)
  5 adders
  2 dart slugs (D:4)
  7 orcs
  5 endoplasms
  A giant cockroach (D:2)
  5 hobgoblins
  15 jackals
  9 kobolds
  6 quokkas
  2 ball pythons
  4 bats
  5 goblins
  6 rats
81 creatures vanquished.

Vanquished Creatures (others)
  2 plants (D:2)
2 creatures vanquished.

Grand Total: 83 creatures vanquished

Notes
Turn   | Place    | Note
-------+----------+-------------------------------------------
     0 | D:1      | GabrielManson the Barachi Air Elementalist began the quest
                  | for the Orb.
     0 | D:1      | Reached XP level 1. HP: 13/13 MP: 3/3
   135 | D:1      | Reached XP level 2. HP: 19/19 MP: 1/5
   648 | D:1      | Reached skill level 1 in Fighting
   706 | D:1      | Reached skill level 1 in Maces & Flails
   717 | D:1      | Reached XP level 3. HP: 24/26 MP: 1/6
  1126 | D:1      | Learned a level 3 spell: Swiftness
  1129 | D:1      | Learned a level 2 spell: Static Discharge
  1198 | D:2      | Noticed Terence
  1228 | D:2      | Killed Terence
  1229 | D:2      | Reached XP level 4. HP: 10/33 MP: 3/7
  1819 | D:2      | Noticed Jessica
  1829 | D:2      | Killed Jessica
  1914 | D:2      | Found Beomaleun's Antique Armour Shop.
  2067 | D:2      | Reached XP level 5. HP: 37/39 MP: 9/9
  2294 | D:2      | Found a runed translucent door.
  2295 | D:2      | Noticed Crazy Yiuf
  2412 | D:2      | Killed Crazy Yiuf
  2639 | D:3      | Reached skill level 1 in Throwing
  2936 | D:3      | Found a faded altar of an unknown god.
  3066 | D:3      | Found a burning altar of Makhleb.
  3066 | D:3      | Found an iron altar of Okawaru.
  3279 | D:3      | You fall into a shaft and drop 1 floor!
  3291 | D:4      | Noticed Sigmund
  3308 | D:4      | Killed Sigmund
  3309 | D:4      | Reached skill level 4 in Throwing
  3309 | D:4      | Reached XP level 6. HP: 46/46 MP: 7/10
  3426 | D:4      | Reached XP level 7. HP: 49/51 MP: 11/11
  3977 | D:4      | Killed from afar by an orc priest

Illustrated notes

Levels and vault maps discovered:
D:1:      lemuel_arrival_behind_the_door_large, layout_loops_ring
D:2:      layout_loops_cross, serial_shops, nicolae_shop_overgrown_old_shop,
          minmay_misc_feat_hallway, uniq_jessica, uniq_terence,
          uniq_crazy_yiuf_cottage
D:3:      layout_loops_corners, gammafunk_temple_overflow_statue,
          shapermc_ecumenical_altar_ellora
D:4:      layout_loops_ring, minmay_liquid_box, lemuel_flame_loot_1,
          uniq_sigmund

Skill      XL: |  1  2  3  4  5  6  7 |
---------------+----------------------+-----
Fighting       | 1 2 3 |  3.1
Maces & Flails | 1 2 |  2.6
Stealth        | 2 |  2.3
Conjurations   | 2 |  2.3
Throwing       | 4 |  4.6
Spellcasting   | 3 |  3.2
Dodging        | |  2.6
Air Magic      | |  3.6

Action                   |  1- 3 |  4- 6 |  7- 9 || total
-------------------------+-------+-------+-------++-------
Melee: Mace              |    57 |   126 |    43 ||   226
Throw: Dart              |     1 |     3 |     1 ||     5
       Throwing net      |       |     3 |       ||     3
 Cast: Shock             |    26 |    19 |     6 ||    51
       Static Discharge  |       |     2 |     7 ||     9
 Abil: Hop               |     1 |     1 |       ||     2
  Use: Potion            |       |       |     2 ||     2
 Stab: Sleeping          |     2 |     3 |     1 ||     6
       Held in net/web   |       |     1 |       ||     1
Armor: Robe              |    23 |    52 |    22 ||    97
Dodge: Dodged            |    44 |    97 |    38 ||   179

Table legend: (Time is in decaauts)
 A = Elapsed time spent in this place.
 B = Non-inter-level travel time spent in this place.
 C = Inter-level travel time spent in this place.
 D = Time resting spent in this place.
 E = Time spent auto-exploring this place.
 F = Levels seen in this place.
 G = Mean time per level.
                   A        B        C        D        E       F      G
               +--------+--------+--------+--------+--------+-----+--------+
         Total |   4495 |   4409 |     86 |    261 |   3218 |   4 | 1123.8 |
       Dungeon |   4495 |   4409 |     86 |    261 |   3218 |   4 | 1123.8 |
               +--------+--------+--------+--------+--------+-----+--------+

Top non-repeatable levels by time:
     D:2: 1498 daAuts
     D:1: 1323 daAuts
     D:3: 869 daAuts
     D:4: 804 daAuts
